 Dungeon Crawl Stone Soup version 0.24.0-125-gc4c63601f3 (webtiles) character file.

Game seed: 17381952986922363397, levelgen mode: deterministic

127 Peloso the Covered (level 4, -5/40 HPs)
             Began as a Minotaur Fighter on Mar 22, 2020.
             Slain by an ogre
             ... wielding a +0 giant club
              (18 damage)
             ... on level 3 of the Dungeon.
             The game lasted 00:03:27 (1673 turns).

Peloso the Covered (Minotaur Fighter)               Turns: 1673, Time: 00:03:28

Health: -5/40      AC:  9    Str: 18 (20) XL:     4   Next: 85%
Magic:  3/3        EV:  6    Int:  5      God:
Gold:   70         SH:  9    Dex: 11      Spells: 3/3 levels left

rFire    . . .     SeeInvis .   a - +0 long sword
rCold    . . .     Gourm    .   c - +0 shield
rNeg     . . .     Faith    .   n - +0 chain mail
rPois    .         Spirit   .   (helmet restricted)
rElec    .         Reflect  .   (no cloak)
rCorr    .         Harm     .   (no gloves)
MR       .....                  (no boots)
Stlth    ..........             (no amulet)
HPRegen  0.13/turn              h - +1 ring of evasion
MPRegen  0.08/turn              (no ring)

@: no status effects
A: retaliatory headbutt, horns 2
a: no special abilities


You were on level 3 of the Dungeon.
You were hungry.

You visited 1 branch of the dungeon, and saw 3 of its levels.

You collected 70 gold pieces.

Inventory:

Hand Weapons
 a - a +0 long sword (weapon)
Armour
 b - a +0 scale mail
 c - a +0 shield (worn)
 n - a +0 chain mail (worn)
Jewellery
 h - a +1 ring of evasion (left hand)
Wands
 o - a wand of iceblast (18)
Scrolls
 g - a scroll of noise {unknown}
 i - a scroll of blinking {unknown}
 j - 2 scrolls of enchant armour {unknown}
 k - 4 scrolls of identify {unknown}
 l - 3 scrolls of fear {unknown}
 m - a scroll of fog {unknown}
 p - a scroll of immolation {unknown}
 r - a scroll of amnesia {unknown}
 s - a scroll of enchant weapon {unknown}
Potions
 d - a potion of might
 e - 2 potions of haste
 q - a potion of heal wounds {unknown}
Comestibles
 f - 6 rations


   Skills:
 + Level 4.2 Fighting
 + Level 3.7 Long Blades
 + Level 4.7 Armour
 + Level 0.7 Dodging
 + Level 4.6 Shields


You had 3 spell levels left.
You didn't know any spells.
Your spell library was empty.

Dungeon Overview and Level Annotations

Branches:
Dungeon (3/15)

Altars:


Innate Abilities, Weirdness & Mutations

You reflexively headbutt those who attack you in melee.
You have a pair of horns on your head.


Message History

The ogre hits you with a +0 giant club!
You miss the frilled lizard.
The frilled lizard bites you but does no damage.
You block the ogre's attack. The frilled lizard barely misses you.
You miss the frilled lizard.
Your headbutt misses the frilled lizard.
The ogre closely misses you. The frilled lizard barely misses you.
You furiously retaliate!
You headbutt the frilled lizard!
You kill the frilled lizard!
You slash the ogre!
The ogre is moderately wounded.
You block the ogre's attack.
Your shield and chain mail prevent you from hitting the ogre.
Your headbutt misses the ogre.
The ogre is moderately wounded.
The ogre hits you with a +0 giant club!
You slash the ogre!
The ogre is severely wounded.
The ogre hits you with a +0 giant club!!
You die...

#................)............
#.............................
#.............................
..............................
........................
........................
.................(......
........................
..$....@........$. ...
!.....†O.......... ...
...#...##....##... ... .......
#......... ... .......
#......... ....... #.......
....... ....... ....... ....


You could see an ogre.

Vanquished Creatures
  Jessica (D:2)
  Ijyb (D:3)
  4 adders
  2 dart slugs (D:2)
  2 leopard geckos
  8 bats
  A giant cockroach (D:2)
  6 goblins
  3 hobgoblins
  3 jackals (D:2)
  7 frilled lizards
  2 kobolds
  3 rats (D:3)
43 creatures vanquished.

Notes
Turn   | Place    | Note
-------+----------+-------------------------------------------
     0 | D:1      | Peloso the Minotaur Fighter began the quest for the Orb.
     0 | D:1      | Reached XP level 1. HP: 19/19 MP: 0/0
   123 | D:1      | Reached XP level 2. HP: 22/27 MP: 1/1
   743 | D:2      | Reached XP level 3. HP: 32/33 MP: 2/2
   910 | D:2      | Noticed Jessica
   925 | D:2      | Killed Jessica
  1100 | D:2      | Reached XP level 4. HP: 35/40 MP: 3/3
  1130 | D:2      | Found a faded altar of an unknown god.
  1335 | D:3      | Noticed Ijyb
  1358 | D:3      | Killed Ijyb
  1664 | D:3      | Noticed an ogre
  1673 | D:3      | Slain by an ogre

Levels and vault maps discovered:
D:1:      nicolae_arrival_somewhat_less_tricky_arrival, layout_basic
D:2:      layout_rooms, chequers_ecumenical_altar_grove, hangedman_decor_points,
          uniq_jessica
D:3:      layout_basic, first_ration, hangedman_decor_growths, st_stairs_12,
          uniq_ijyb

Skill      XL: |  1  2  3 |
---------------+----------+-----
Fighting       | 4 |  4.2
Armour         | 4 |  4.7
Shields        | 4 |  4.6
Long Blades    | 3 |  3.7
Dodging        | |  0.7

Action                   |  1- 3 |  4- 6 || total
-------------------------+-------+-------++-------
Melee: Long sword        |    81 |    48 ||   129
       Headbutt          |     9 |    10 ||    19
  Use: Potion            |     3 |       ||     3
  Eat: Chunk             |     1 |     1 ||     2
Armor: Scale mail        |    19 |       ||    19
       Chain mail        |    24 |    30 ||    54
Dodge: Dodged            |    28 |    18 ||    46
Block: Shield            |    44 |    41 ||    85
       Rpst.: Long sword |     6 |     1 ||     7
